 Seeded DCSS version 0.30-a0-953-g5f1da4a474 (webtiles) character file.

Game seed: 3125986916090331667 (custom seed)

4 Parcival the Covered (level 1, 18/20 HPs)
             Began as a Minotaur Fighter on Mar 28, 2023.
             Quit the game on level 1 of the Dungeon.
             The game lasted 00:00:45 (142 turns).

Parcival the Covered (Minotaur Fighter)              Turns: 142, Time: 00:00:45

Health: 18/20      AC:  7    Str: 20    XL:     1   Next: 58%
Magic:  0/0        EV:  9    Int:  8    God:
Gold:   0          SH:  0    Dex:  9    Spells: 0/0 levels left

rFire   . . .      SeeInvis .    c - +1 executioner's axe of Antique Indomitability {drain, *Corrode rPois Int+3}
rCold   . . .      Faith    .    (shield currently unavailable)
rNeg    . . .      Spirit   .    b - +0 scale mail
rPois   +          Reflect  .    (helmet restricted)
rElec   .          Rampage  .    (no cloak)
rCorr   .                        (no gloves)
Will    .....                    (no boots) Stlth
                                 (no amulet)
HPRegen 0.23/turn                (no ring)
MPRegen 0.07/turn                (no ring)

@: no status effects
A: horns 2, retaliatory headbutt
a: no special abilities


You were on level 1 of the Dungeon.
You visited 1 branch of the dungeon, and saw 1 of its levels.

Inventory:

Hand Weapons
 a - a +0 war axe
 c - the +1 executioner's axe of Antique Indomitability (weapon) {drain, *Corrode rPois Int+3}
   (You acquired it on level 1 of the Dungeon)

   Int:       It affects your intelligence (+3).
   rPois:     It protects you from poison.
   *Corrode:  It may corrode you when you take damage.
Armour
 b - a +0 scale mail (worn)
Scrolls
 e - a scroll of brand weapon {unknown}
Potions
 d - a potion of might


   Skills:
 + Level 3.7 Fighting
 + Level 2.4 Axes
 + Level 3.8 Armour
 + Level 3.7 Shields


You couldn't memorise any spells.
You didn't know any spells.
Your spell library was empty.

Dungeon Overview and Level Annotations

Branches:
Dungeon (1/15)

Altars:


Innate Abilities, Weirdness & Mutations

You have a pair of horns on your head.
You reflexively headbutt those who attack you in melee.


Message History

A goblin comes into view. It is wielding a +0 club.
Found a ring mail.
The goblin shouts!
A goblin is nearby!
A goblin is nearby!
The goblin hits you but does no damage.
You closely miss the goblin. The goblin barely misses you. x2
You closely miss the goblin. The goblin hits you with a +0 club.
The goblin hits you but does no damage.
You hit the goblin.
You kill the goblin!
Things that are here:
a +0 club; a goblin corpse You see here a +0 buckler.
Found a short sword.
e - a scroll labelled WET RICICU A bat comes into view.
A bat is nearby!
The bat hits you but does no damage. x2
The bat hits you but does no damage. The bat closely misses you.
The bat hits you but does no damage. The bat attacks as you move away!
The bat hits you but does no damage. The bat closely misses you.
The bat barely misses you.
A goblin comes into view. It is wielding a +0 dagger.
The goblin shouts!
You hear a shout!
The bat hits you but does no damage. The bat closely misses you.
You furiously retaliate!
You headbutt the bat, but do no damage.
There are monsters nearby!
You hit the bat but do no damage. You drain the bat.
The bat is severely wounded.
The bat hits you but does no damage. The bat barely misses you.
You furiously retaliate!
You headbutt the bat!
You kill the bat!
A goblin comes into view. It is wielding a +0 club.
There are monsters nearby!
The goblin shouts!
You see here a bat corpse.
There are monsters nearby!
You barely miss the goblin. The goblin hits you with a +0 club.
Are you sure you want to abandon this character and quit the game? (Confirm with "yes".)

###### .....#
.....# .....#
.....# ##.....##
#g......#
#####g##.##.#
#....@# ##### #
#.###.# . ....#
#.##.###.#####..
###.#
...............
###.#
###.###.....#..
.##.#
#......?.....
.##.#
####.###+###.
.##.#
##.##~~.~~##
....#
#.##~..P..~#


You could see 2 goblins.

Vanquished Creatures
  An endoplasm (D:1)
  A ball python (D:1)
  A bat (D:1)
  2 goblins (D:1)
5 creatures vanquished.

Notes
Turn   | Place    | Note
-------+----------+-------------------------------------------
     0 | D:1      | Parcival the Minotaur Fighter began the quest for the Orb.
     0 | D:1      | Reached XP level 1. HP: 19/19 MP: 0/0
    20 | D:1      | Identified a scroll of acquirement
    20 | D:1      | Acquired the +1 executioner's axe of Antique Indomitability
                  | {drain, *Corrode rPois Int+3}
   142 | D:1      | Quit the game

Illustrated notes

Levels and vault maps discovered:
D:1:      amcnicky_arrival_single_pillar, layout_loops_cross,
          hangedman_glass_garden

Action                     || total
---------------------------++-------
  Melee: Executioner's axe ||     7
         War axe           ||     2
         Headbutt          ||     1
    Use: Scroll            ||     1
 Armour: Scale mail        ||    14
  Dodge: Dodged            ||    10
  Block: Buckler           ||     3

Table legend: (Time is in decaauts)
 A = Elapsed time spent in this place.
 B = Non-inter-level travel time spent in this place.
 C = Inter-level travel time spent in this place.
 D = Time resting spent in this place.
 E = Time spent auto-exploring this place.
 F = Levels seen in this place.
 G = Mean time per level.
                   A        B        C        D        E       F      G
               +--------+--------+--------+--------+--------+-----+--------+
         Total |    147 |    147 |      0 |      0 |     83 |   1 |  147.0 |
       Dungeon |    147 |    147 |      0 |      0 |     83 |   1 |  147.0 |
               +--------+--------+--------+--------+--------+-----+--------+

Top non-repeatable levels by time:
     D:1: 147 daAuts
